 Dungeon Crawl Stone Soup version 0.29.1-2-gbd0b4ee654 (webtiles) character file.

Game seed: 13533391195302091370

103264 GeoRichter the Carver (level 16, -9/92 HPs)
             Began as a Vine Stalker Brigand on Nov 8, 2022.
             Was the Champion of Wu Jian.
             Mangled by a culicivora simulacrum (18 damage)
             ... on level 1 of the Spider Nest.
             The game lasted 01:00:54 (22885 turns).

GeoRichter the Carver (Vine Stalker Brigand)       Turns: 22885, Time: 01:00:55

Health: -9/92      AC:  5    Str: 21    XL:     16   Next: 35%
Magic:  0/17       EV: 17    Int: 11    God:    Wu Jian [******]
Gold:   1434       SH: 15    Dex: 23    Spells: 15/15 levels left

rFire   . . .      SeeInvis .   r - +5 long sword (flame)
rCold   . . .      Faith    .   y - +2 kite shield of Eschefiyst {Str+3}
rNeg    . . .      Spirit   +   Z - +0 swamp dragon scales
rPois   +          Reflect  .   (no helmet)
rElec   .          Harm     .   c - +0 cloak
rCorr   +          Rampage  .   J - +0 pair of gloves {Str+3}
Will    ++...                   v - +0 pair of boots
Stlth   ++++......              u - amulet of Osoesm {Spirit rPois Stlth+}
HPRegen 1.05/turn               g - ring of resist corrosion
MPRegen 0.15/turn               I - +4 ring of protection

@: corroded
A: fangs 3, regeneration 1, magic shield, antimagic bite, no potion heal 2
a: Renounce Religion, Wall Jump, Serpent's Lash, Heavenly Storm


You were on level 1 of the Spider Nest.
You worshipped Wu Jian.
Wu Jian was exalted by your worship.
You visited 4 branches of the dungeon, and saw 23 of its levels.
You also visited: Sewer and Bailey.

You collected 2359 gold pieces.
You spent 925 gold pieces at shops.

Inventory:

Hand Weapons
 l - the +10 shortbow of Bloodstone {speed, Stlth+}
   (You found it on level 4 of the Lair of Beasts)

   Attacks with this weapon are significantly faster.
   Stlth:     It makes you more stealthy.
 r - a +5 long sword of flaming (weapon)
   (You took it off a wight on level 9 of the Dungeon)
 V - a +4 scimitar of flaming
   (You took it off Azrael on level 13 of the Dungeon)
Missiles
 e - 6 curare-tipped darts (quivered) {!f}
Armour
 c - a +0 cloak (worn)
 v - a +0 pair of boots (worn)
   (You found it on level 3 of the Dungeon)
 y - the +2 kite shield of Eschefiyst (worn) {Str+3}
   (You found it on level 3 of the Dungeon)

   Str:       It affects your strength (+3).
 J - a +0 pair of gloves of strength (worn)
   (You bought it in a shop on level 9 of the Dungeon)
 Y - a +2 pair of gloves
   (You found it on level 13 of the Dungeon)
 Z - +0 swamp dragon scales (worn)
   (You found it on level 14 of the Dungeon)
Jewellery
 g - a ring of resist corrosion (left hand)
   (You found it on level 1 of the Dungeon)
 m - a ring of positive energy
   (You found it on level 2 of the Dungeon)
 t - a ring of protection from fire
   (You found it on level 3 of the Dungeon)
 u - the amulet of Osoesm (around neck) {Spirit rPois Stlth+}
   (You found it on level 3 of the Lair of Beasts)

   [amulet of guardian spirit]

   It causes incoming damage to be divided between your reserves of health and
   magic.
   rPois:     It protects you from poison.
   Stlth:     It makes you more stealthy.
 G - a ring of protection from fire
   (You found it on level 1 of the Spider Nest)
 I - a +4 ring of protection (right hand)
   (You found it on level 2 of the Lair of Beasts)
Wands
 d - a wand of digging (7)
   (You found it on level 15 of the Dungeon)
 R - a wand of roots (7)
   (You found it on level 2 of the Lair of Beasts)
 S - a wand of mindburst (25)
   (You found it on level 2 of the Lair of Beasts)
Scrolls
 b - 9 scrolls of teleportation {unknown}
 i - 7 scrolls of immolation {!r}
 k - 6 scrolls of amnesia
 n - 4 scrolls of fear
 p - 6 scrolls of summoning
 q - a scroll of butterflies
 x - 3 scrolls of enchant weapon
 z - a scroll of blinking
 B - a scroll of vulnerability {!r}
 C - 4 scrolls of brand weapon
 F - 2 scrolls of magic mapping
 H - 3 scrolls of noise {!r}
 K - 5 scrolls of poison {!r}
 O - 5 scrolls of enchant armour
 X - a scroll of torment {!r}
Potions
 f - 5 potions of mutation {!q}
 h - 3 potions of degeneration {unknown}
 j - 3 potions of berserk rage
 o - 7 potions of might
 s - 6 potions of magic {unknown}
 w - 4 potions of cancellation
 A - 2 potions of lignification {!q}
 D - 5 potions of curing {@q1}
 E - 8 potions of ambrosia
 L - 5 potions of resistance
 M - 4 potions of invisibility {unknown}
 N - 5 potions of haste {@q3}
 P - 5 potions of brilliance
 Q - 3 potions of flight {unknown}
 U - a potion of attraction {unknown}
Miscellaneous
 a - a tin of tremorstones (1/2)
   (You found it on level 9 of the Dungeon)
 T - a phantom mirror
   (You found it on level 5 of the Lair of Beasts)


   Skills:
 * Level 13.8 Fighting
 - Level 1.7(9.2) Short Blades
 - Level 13.9(14.0) Long Blades
 - Level 1.7 Throwing
 + Level 6.9 Armour
 + Level 10.1 Dodging
 - Level 4.8 Stealth
 + Level 10.8 Shields
 + Level 7.5 Evocations


You had 15 spell levels left.
You didn't know any spells.
Your spell library contained the following spells:

 Spells                   Type           Power      Damage    Failure   Level
 Shock                    Conj/Air       0%         1d3       75%         1
 Sting                    Tmut/Pois      0%         1d3       75%         1
 Poisonous Vapours        Pois/Air       0%         N/A       87%         2
 Static Discharge         Conj/Air       0%         3-3/arc   87%         2
 Gell's Gravitas          Tloc           0%         N/A       98%         3
 Lesser Beckoning         Tloc           0%         N/A       98%         3
 Swiftness                Air            0%         N/A       98%         3
 Teleport Other           Tloc           0%         N/A       98%         3
 Airstrike                Air            0%         2d(0-16)  100%        4
 Dispel Undead            Necr           0%         3d6       100%        4
 Hailstorm                Conj/Ice       0%         3d3       100%        4
 Ice Form                 Ice/Tmut       0%         N/A       100%        4
 Olgreb's Toxic Radiance  Pois           0%         N/A       100%        4
 Passage of Golubria      Tloc           0%         N/A       100%        4
 Sticky Flame             Conj/Fire      0%         2d3       100%        4
 Silence                  Hex/Air        0%         N/A       100%        5
 Conjure Ball Lightning   Conj/Air       0%         3x3d6     100%        6
 Simulacrum               Ice/Necr       0%         N/A       100%        6
 Discord                  Hex            0%         N/A       100%        8
 Disjunction              Tloc           0%         N/A       100%        8
 Lehudib's Crystal Spear  Conj/Erth      0%         10d2      100%        8


Dungeon Overview and Level Annotations

Branches:
Dungeon (15/15) Zot: 24960  Temple (0/1) D:7            Lair (5/5) D:8 Zot: 24005
 Shoals (0/4) Lair:3       Spider (1/4) Lair:3 Zot: 5710   Slime (0/5) Lair:5
    Orc (2/2) D:9 Zot: 10353     Elf (0/3) Orc:2        Vaults (0/5) D:13
 Depths (0/4) D:15          Sewer (visited)          Bailey (visited)

Altars:
Ashenzari
Dithmenos
Elyvilon
Fedhas
Gozag
Hepliaklqana
Makhleb
Nemelex Xobeh
Okawaru
Qazlal
Uskayaw
Vehumet
Wu Jian
Xom
The Shining One
Jiyva

Shops:
D:7 =   D:8 !   D:9 [(   D:15 *   Orc:2 ![!(

Annotations:
D:3 1 runed translucent door, yaboibolshack's ghost, weakling MiBe
D:9 2 transporters, Nimbul's ghost, novice VSBr
Orc:2 2 runed translucent doors, TangoThomas's ghost, journeyman DsCA


Innate Abilities, Weirdness & Mutations

You have razor-sharp teeth.
Your natural rate of healing is unusually fast.
When hurt, damage is shared between your health and your magic reserves.
Your bite disrupts and absorbs the magic of your enemies.
Potions cannot restore your health.


Message History

You destroy the pharaoh ant!
The Council accepts your kill.
The pharaoh ant binds the souls of nearby monsters.
The tremorstone explodes into fragments!
The burst of rock shards engulfs the culicivora!
The burst of rock shards engulfs the tarantella!
The burst of rock shards engulfs the entropy weaver.
The burst of rock shards engulfs the culicivora!!
The burst of rock shards engulfs you!!
* * * LOW HITPOINT WARNING * * *
The burst of rock shards engulfs the culicivora!!
The burst of rock shards engulfs the tarantella!
The burst of rock shards engulfs the entropy weaver!
The burst of rock shards engulfs the culicivora!!
You kill the culicivora!
The Council accepts your kill. The burst of rock shards engulfs you!
* * * LOW HITPOINT WARNING * * *
The burst of rock shards engulfs the entropy weaver!!
The burst of rock shards engulfs the culicivora!
You kill the culicivora!
The Council accepts your kill.
A freezing mist starts to gather... x2 2 culicivora simulacra come into view.
You block the tarantella's attack. The tarantella touches you!
* * * LOW HITPOINT WARNING * * *
You are confused.
Your system rejects the healing.
You feel better.
The tarantella touches you but does no damage.
The entropy weaver gestures at you while chanting.
The entropic weave corrodes you!
As you read the scroll of fear, it crumbles to dust.
You assume a fearsome visage.
The culicivora simulacrum is unaffected.
The tarantella looks frightened!
The culicivora simulacrum is unaffected.
The entropy weaver looks frightened!
The culicivora simulacrum attacks as you move away!
You block the culicivora simulacrum's attack.
You block the culicivora simulacrum's attack.
The culicivora simulacrum attacks as you move away!
The culicivora simulacrum completely misses you.
You block the culicivora simulacrum's attack.
The culicivora simulacrum attacks as you move away!
You block the culicivora simulacrum's attack.
The culicivora simulacrum attacks as you move away!
The culicivora simulacrum bites you!
* * * LOW HITPOINT WARNING * * *
The culicivora simulacrum freezes you!!
You die...

#................###.
#.#...............#.
##...####..#.......##
##...# #^## .......#
#...## #..## .....#
#..##...###...## ...
#....†.....#.##.#
#.....##...##..#
#......##.@^###.##
#.....
###........Z#....##
#..... #...##..Z#......#
#..... ##...#..........#
#.....
#..............####.....
#...##..........#...#..s
##...##..........#
#....†
#................##
#.... #....#..^........#
##...


You could see 2 culicivora simulacra.

Vanquished Creatures
  Donald (Orc:2)
  A stone giant (D:15)
  Azrael (D:13)
  10 hydras
  2 boulder beetles
  5 centaur warriors
  3 catoblepae
  4 two-headed ogres
  A death knight (D:14)
  2 tengu warriors (D:15)
  7 death yaks (Lair:5)
  4 orc high priests (Orc:2)
  Sonja (D:11)
  A pharaoh ant (Spider:1)
  6 skeletal warriors (D:15)
  2 orb spiders (Spider:1)
  A wizard (D:14)
  A deep elf pyromancer (D:12)
  A manticore (D:14)
  3 orc knights
  An orc sorcerer (Orc:1)
  6 ugly things
  2 wolf spiders
  7 cyclopes
  A merfolk siren (Lair:3)
  2 centaur zombies (D:15)
  27 elephants
  14 black mambas
  18 cane toads
  3 gargoyles
  2 torpor snails (Lair:5)
  A kobold demonologist (D:9)
  An efreet (D:12)
  2 yaktaurs (D:13)
  A freezing wraith (D:12)
  A demonic crawler (Spider:1)
  3 rime drakes
  7 komodo dragons
  A tengu conjurer (D:14)
  6 trolls
  3 meliai (D:14)
  A harpy zombie (D:15)
  A polar bear (shapeshifter) (D:15)
  2 polar bears
  A tarantella (Spider:1)
  2 dream sheep (Lair:5)
  3 hornets (Lair:5)
  7 blink frogs
  A meliai zombie (D:15)
  15 slime creatures
  46 yaks
  3 jumping spiders (Lair:3)
  5 large abominations (D:14)
  A spriggan (Lair:2)
  2 shadows
  3 culicivoras
  7 small abominations (D:14)
  6 basilisks
  A wraith (D:10)
  16 wyverns
  3 steam dragons
  2 vampires (D:15)
  4 fire elementals (D:13)
  14 redbacks
  4 vampire mosquitoes (D:12)
  6 wargs (Orc:2)
  3 acid dragons
  19 water moccasins
  A black bear (Lair:2)
  3 hell hounds (D:13)
  Pargi (Sewer)
  A hornet zombie (D:15)
  26 orc warriors
  2 ice beasts
  4 ogres
  28 wolves
  A centaur (Lair:2)
  A kobold brigand (D:8)
  2 phantoms (D:6)
  15 bullfrogs
  2 earth elementals (D:15)
  A gnoll sergeant (D:11)
  4 scorpions
  17 wights
  16 killer bees
  3 electric eels (Lair:3)
  10 howler monkeys
  3 hounds
  A gnoll bouda (D:6)
  A jelly (D:6)
  41 orc priests
  2 iguanas
  Natasha (thrice) (D:4)
  20 orc wizards
  10 gnolls
  4 adders
  A shadow imp (D:8)
  5 white imps
  An ufetubus (D:6)
  2 worms
  102 orcs
  10 bats
  7 endoplasms
  4 giant cockroaches
  11 hobgoblins
  9 jackals
  12 kobolds
  4 quokkas
  4 ball pythons
  2 frilled lizards
  11 goblins
  4 rats
756 creatures vanquished.

Vanquished Creatures (others)
  A tengu conjurer (D:14)
  A jumping spider (Spider:1)
  A bush (D:8)
  53 fungi
  84 plants
  2 withered plants (D:15)
142 creatures vanquished.

Grand Total: 898 creatures vanquished

Notes
Turn   | Place    | Note
-------+----------+-------------------------------------------
     0 | D:1      | GeoRichter the Vine Stalker Brigand began the quest for the
                  | Orb.
     0 | D:1      | Reached XP level 1. HP: 11/11 MP: 2/2
   283 | D:1      | Reached XP level 2. HP: 10/16 MP: 1/3
   639 | D:1      | Reached XP level 3. HP: 19/20 MP: 4/4
  1330 | D:2      | Found an ornate altar of the Wu Jian Council.
  1437 | D:2      | Became a worshipper of the Wu Jian Council
  1531 | D:2      | Gained mutation: Your natural rate of healing is unusually
                  | fast. [Vine Stalker growth]
  1531 | D:2      | Reached XP level 4. HP: 25/25 MP: 5/5
  2023 | D:3      | Found a faded altar of an unknown god.
  2261 | D:3      | Found a runed translucent door.
  2265 | D:3      | Noticed yaboibolshack's ghost (weakling MiBe)
  2343 | D:3      | Found a radiant altar of Vehumet.
  2390 | D:3      | Reached * piety under Wu Jian
  2391 | D:3      | Reached skill level 1 in Long Blades
  2409 | D:3      | Identified the +2 kite shield of Eschefiyst {Str+3}
  2544 | D:4      | Found a blossoming altar of Fedhas.
  2548 | D:4      | Found a stormy altar of Qazlal.
  2644 | D:4      | Noticed Natasha
  2650 | D:4      | Killed Natasha
  2651 | D:4      | Reached XP level 5. HP: 29/29 MP: 6/6
  2654 | D:4      | Identified the +9 short sword of Quick Death {pain, Fragile
                  | rF+ Str+2 Dex+4}
  2876 | D:4      | Noticed Natasha
  2887 | D:4      | Killed Natasha
  2966 | D:4      | Noticed Natasha
  2975 | D:4      | Killed Natasha
  3210 | D:4      | Found a hide-covered altar of Uskayaw.
  3289 | D:5      | Entered Level 5 of the Dungeon
  3300 | D:5      | Reached XP level 6. HP: 25/33 MP: 7/7
  3412 | D:5      | Found a shimmering altar of Xom.
  3430 | D:5      | Found a glowing drain.
  3444 | Sewer    | Entered a sewer
  3470 | Sewer    | Noticed Pargi
  3485 | Sewer    | Killed Pargi
  3486 | Sewer    | Reached skill level 5 in Long Blades
  3486 | Sewer    | Reached XP level 7. HP: 26/37 MP: 8/8
  4278 | D:6      | Noticed a steam dragon
  4284 | D:6      | Killed a steam dragon
  4285 | D:6      | Gained mutation: You have razor-sharp teeth. [Vine Stalker
                  | growth]
  4285 | D:6      | Reached XP level 8. HP: 41/42 MP: 9/9
  4462 | D:6      | Reached ** piety under Wu Jian
  4605 | D:6      | Found a sparkling altar of Nemelex Xobeh.
  4837 | D:7      | Reached skill level 1 in Dodging
  4880 | D:7      | Reached skill level 1 in Shields
  4889 | D:7      | Reached XP level 9. HP: 14/46 MP: 6/10
  5121 | D:7      | Found a staircase to the Ecumenical Temple.
  5561 | D:7      | Found Xuopatz's Jewellery Boutique.
  5571 | D:7      | Found a glowing golden altar of the Shining One.
  5619 | D:7      | Reached skill level 5 in Fighting
  5640 | D:7      | Reached skill level 10 in Long Blades
  5673 | D:7      | Found a broken altar of Ashenzari.
  5673 | D:7      | Found a hazy altar of Hepliaklqana.
  5677 | D:7      | Found a burning altar of Makhleb.
  5808 | D:8      | Found Keuloq's Distillery.
  5811 | D:8      | Bought a potion of mutation for 96 gold pieces
  5811 | D:8      | Bought a potion of curing for 36 gold pieces
  5811 | D:8      | Bought a potion of cancellation for 96 gold pieces
  5811 | D:8      | Bought a potion of might for 48 gold pieces
  5811 | D:8      | Bought a potion of might for 48 gold pieces
  5841 | D:8      | Found a staircase to the Lair.
  5842 | D:8      | Reached XP level 10. HP: 51/51 MP: 11/11
  5881 | D:8      | Reached *** piety under Wu Jian
  5997 | D:8      | Found an opulent altar of Gozag.
  6056 | D:8      | Found a shadowy altar of Dithmenos.
  6200 | D:8      | Found a flagged portal.
  6207 | Bailey   | Entered a bailey
  6445 | Bailey   | Noticed an orc knight
  6484 | Bailey   | Killed an orc knight
  6522 | Bailey   | Noticed an orc knight
  6535 | Bailey   | Killed an orc knight
  6650 | D:8      | Reached **** piety under Wu Jian
  6807 | D:8      | Reached XP level 11. HP: 58/58 MP: 12/12
  6812 | D:8      | Reached skill level 5 in Shields
  7050 | D:8      | Found a white marble altar of Elyvilon.
  7050 | D:8      | Found an iron altar of Okawaru.
  7356 | Lair:1   | Entered Level 1 of the Lair of Beasts
  7402 | Lair:1   | Noticed a five-headed hydra
  7648 | D:9      | Reached skill level 5 in Dodging
  8054 | D:9      | Found Vihuf's Armour Shop.
  8055 | D:9      | Found a staircase to the Orcish Mines.
  8113 | D:9      | Reached ***** piety under Wu Jian
  8163 | D:9      | Found Puareuke's Weapon Shop.
  8168 | D:9      | Bought a +0 pair of gloves of strength for 195 gold pieces
  8279 | D:9      | Found a transporter.
  8280 | D:9      | Noticed Nimbul's ghost (novice VSBr)
  8294 | D:9      | Found a transporter.
  8468 | D:10     | Entered Level 10 of the Dungeon
  9252 | Lair:1   | Killed a one-headed hydra
  9286 | Lair:1   | Noticed a seven-headed hydra
  9295 | Lair:1   | Killed a four-headed hydra
  9387 | Lair:1   | Reached XP level 12. HP: 64/64 MP: 13/13
  9928 | Lair:1   | You fall into a shaft and drop 1 floor!
  9962 | Lair:2   | Noticed a four-headed hydra
  9972 | Lair:2   | Killed a one-headed hydra
  9981 | Lair:2   | Noticed a four-headed hydra
 10473 | Lair:2   | Noticed an eight-headed hydra
 10617 | Lair:2   | Killed a one-headed hydra
 11478 | Lair:2   | Reached XP level 13. HP: 55/70 MP: 14/14
 11527 | Lair:3   | Found a hole to the Spider Nest.
 11861 | Lair:3   | Identified the amulet of Osoesm {Spirit rPois Stlth+}
 12010 | Lair:3   | Found a staircase to the Shoals.
 12031 | Lair:3   | Reached skill level 1 in Armour
 12031 | Lair:3   | Reached skill level 1 in Evocations
 12848 | Lair:4   | Reached ****** piety under Wu Jian
 13146 | Lair:4   | Reached skill level 10 in Fighting
 13383 | Lair:4   | Identified the +10 shortbow of Bloodstone {speed, Stlth+}
 13479 | Lair:5   | Entered Level 5 of the Lair of Beasts
 13514 | Lair:5   | Reached XP level 14. HP: 77/77 MP: 15/15
 13780 | Lair:5   | Found a staircase to the Slime Pits.
 13780 | Lair:5   | Found a viscous altar of Jiyva.
 14502 | Lair:5   | Reached skill level 5 in Evocations
 15114 | Orc:1    | Entered Level 1 of the Orcish Mines
 15421 | Orc:1    | Found a burning altar of Makhleb.
 15436 | Orc:1    | Reached skill level 5 in Armour
 15563 | Orc:2    | Entered Level 2 of the Orcish Mines
 15645 | Orc:2    | Found Gadwecem's Firing Range.
 15977 | Orc:2    | Noticed Donald
 15987 | Orc:1    | Reached XP level 15. HP: 58/84 MP: 10/16
 16040 | Orc:2    | Killed Donald
 16080 | Orc:2    | Found Xaerraim's Armour Emporium.
 16080 | Orc:2    | Found Rovice's Distillery.
 16195 | Orc:2    | Found a staircase to the Elven Halls.
 16231 | Orc:2    | Found Norithrud's Weapon Emporium.
 16231 | Orc:2    | Found Kouvelet's Distillery.
 16243 | Orc:2    | Bought a potion of haste for 120 gold pieces
 16306 | Orc:2    | Found a large runed translucent door.
 16306 | Orc:2    | Found a large runed translucent door.
 16308 | Orc:2    | Noticed TangoThomas's ghost (journeyman DsCA)
 16450 | Orc:2    | Bought a potion of mutation for 104 gold pieces
 16450 | Orc:2    | Bought a potion of resistance for 130 gold pieces
 16450 | Orc:2    | Bought a potion of might for 52 gold pieces
 17149 | D:11     | Noticed Sonja
 17170 | D:11     | Killed Sonja
 18160 | D:12     | Reached skill level 10 in Shields
 18616 | D:13     | Noticed Azrael
 18651 | D:13     | Killed Azrael
 18713 | D:13     | Identified the +6 dire flail "Ismiteg" {vorpal, rElec Int+5
                  | Dex-4}
 18837 | D:13     | Identified the +1 plate armour of Yqakoc {rPois rF- Str-3
                  | Stlth+}
 19073 | D:13     | Found a gate to the Vaults.
 19913 | D:14     | Identified the ring of Gaaskisi {*Slow rPois rF- Will+
                  | Str+9}
 19924 | D:14     | Identified the +6 sling of Vian {freeze, rF+}
 20389 | D:15     | Entered Level 15 of the Dungeon
 20548 | D:15     | Found Umi Saul's Pet Rocks.
 20842 | D:15     | Reached XP level 16. HP: 72/91 MP: 12/17
 21768 | D:15     | Found a staircase to the Depths.
 21789 | D:15     | Reached skill level 10 in Dodging
 22585 | Spider:1 | Entered Level 1 of the Spider Nest
 22885 | Spider:1 | Mangled by a culicivora simulacrum

Illustrated notes

Levels and vault maps discovered:
D:1:      shiori_arrival_maze, layout_basic, minmay_misc_feat_encased
D:2:      layout_basic, basic_altar, kennysheep_minor_cross
D:3:      layout_rooms, mainiacjoe_overflow_alcove_2,
          chequers_ecumenical_altar_island, ebering_ghost_reflecting_pool
D:4:      layout_basic, grunt_temple_overflow_forces_of_nature,
          nicolae_uskayaw_suspiria, minmay_liquid_box, uniq_natasha
D:5:      layout_basic, mainiacjoe_overflow_alcove_1,
          cheibrodos_sewer_entry_drain
D:6:      layout_cave_pools, nemelex_dance_club_becter, minmay_checkerbox
D:7:      layout_loops_corners, minitemple, temple_fountains, serial_shops,
          shop_statue
D:8:      layout_basic, mainiacjoe_overflow_brackets, old_standard_altar,
          gammafunk_temple_overflow_statue, minmay_lair_entry_grove,
          enter_bailey_3, nicolae_stop_n_shop_2
D:9:      layout_cross, orc_david_3, gammafunk_ghost_berserking_beasts,
          hangedman_corner_corridor
D:10:     layout_long_grid
D:11:     layout_loops_ring, nicolae_elevator_lobby_plus, uniq_sonja
D:12:     layout_stronghold
D:13:     layout_small_grid, david_vaults_2, uniq_azrael
D:14:     layout_roguey, grunt_decor_mini_mirrors, laboratory
D:15:     grunt_enter_depths_giant_problem, layout_layer_cave,
          minmay_crystal_room, serial_undead, serial_undead_d, serial_undead_c,
          serial_undead_b, serial_undead_e, serial_undead_e, serial_undead_a,
          guppyfry_shop_earth
Lair:1:   layout_loops_ring
Lair:2:   layout_layer_cave, forest_entry_grove, infiniplex_staircase_pool_2,
          grunt_megastairs_3
Lair:3:   layout_loops_ring, minmay_shoals_entry_lonely_mermaid,
          nicolae_spider_entry_tight_spaces, bh_autumn_forest_stairs,
          minivault_19, serial_bayou_pond_c, serial_bayou_lake_a,
          lemuel_fruit_tree, serial_bayou_shore_b
Lair:4:   layout_gridlike
Lair:5:   hangedman_lair_tendril_chambers, layout_cave_pods, slime_entry_1,
          lemuel_old_faithful, serial_bayou_shore_b
Spider:1: layout_chambers, hangedman_spider_tarantella_strand
Orc:1:    layout_caves, basic_altar, nicolae_orc_bridge_out
Orc:2:    st_orc_town, layout_caves, ebering_ghost_disaster_area, basic_altar,
          nicolae_shop_firing_range, uniq_donald

Skill      XL: |  1  2  3  4  5  6  7  8  9 10 11 12 13 14 15 16 |
---------------+-------------------------------------------------+-----
Fighting       | 2 3 4 5 6 7 8 10 12 13 | 13.8
Long Blades    | 2 3 5 7 9 10 11 12 13 | 13.9
Dodging        | 1 3 4 6 7 8 9 10 | 10.1
Shields        | 1 3 4 6 7 8 9 10 | 10.8
Armour         | 3 5 6 |  6.9
Evocations     | 3 5 7 |  7.5
Short Blades   | |  1.7
Throwing       | |  1.7
Stealth        | |  4.8

Action                   |  1- 3 |  4- 6 |  7- 9 | 10-12 | 13-15 | 16-18 || total
-------------------------+-------+-------+-------+-------+-------+-------++-------
Melee: Dagger            |   109 |    19 |       |       |       |       ||   128
       Bite              |    14 |    30 |    64 |   284 |   566 |   103 ||  1061
       Punch             |     1 |     1 |       |       |       |       ||     2
       Mace              |       |    36 |       |       |       |       ||    36
       Short sword       |       |    59 |   187 |   452 |       |       ||   698
       Long sword        |       |       |       |   317 |  1407 |   230 ||  1954
       Unarmed           |       |       |       |       |     9 |       ||     9
Throw: Dart              |       |     8 |     4 |     4 |    26 |       ||    42
Invok: Lunge             |       |     8 |    17 |    53 |    67 |     7 ||   152
       Whirlwind         |       |     1 |     7 |    69 |   367 |    49 ||   493
       Serpent's Lash    |       |       |       |     1 |     2 |     1 ||     4
       Heavenly Storm    |       |       |       |       |     3 |       ||     3
 Abil: Wall Jump         |       |       |       |     2 |     5 |     1 ||     8
Evoke: Tin of tremorston |       |       |       |       |     2 |     1 ||     3
  Use: Scroll            |       |       |     5 |    11 |     3 |     3 ||    22
       Potion            |       |       |       |     2 |     2 |     3 ||     7
 Stab: Sleeping          |    10 |     8 |     8 |     9 |    28 |     2 ||    65
       Distracted        |       |     1 |     2 |     3 |     5 |       ||    11
Armor: Robe              |    24 |    11 |       |       |       |       ||    35
       Ring mail         |       |    32 |    25 |       |       |       ||    57
       Steam dragon scal |       |       |     2 |    85 |   217 |       ||   304
       Swamp dragon scal |       |       |       |       |    17 |    67 ||    84
Dodge: Dodged            |    53 |    62 |    37 |   344 |   582 |   135 ||  1213
Block: Kite shield       |       |    32 |    72 |   488 |   865 |   176 ||  1633
